 Dungeon Crawl Stone Soup version 0.32-a0-975-g85d4e5bfdb (webtiles) character file.

Game seed: 3088014436979767956

130 araganzar the Chopper (level 4, -2/37 HPs)
             Began as a Demonspawn Reaver on Apr 19, 2024.
             Slain by an orc priest
             ... wielding a +0 hand axe
              (7 damage)
             ... on level 4 of the Dungeon.
             The game lasted 00:05:32 (2455 turns).

araganzar the Chopper (Demonspawn Reaver)           Turns: 2455, Time: 00:05:33

Health: -2/37      AC:  6    Str: 14    XL:     4   Next: 90%
Magic:  7/7        EV: 11    Int: 12    God:
Gold:   147        SH:  0    Dex: 15    Spells: 6/7 levels left

rFire   + . .        a - +0 hand axe
rCold   . . .        (no shield)
rNeg    . . .        b - +0 leather armour
rPois   .            (helmet restricted)
rElec   .            f - +0 cloak
rCorr   .            (no gloves)
SInv    .            e - +0 pair of boots
Will    .....        (no amulet)
Stlth   +            l - ring of flight {+Fly, !d}
HPRegen 0.26/turn    i - ring of protection from fire {rF+, !d}
MPRegen 0.10/turn

%: no passive effects
@: flying
A: antennae 1, agile 1, shaggy fur 1
a: Convert to Beogh


You were on level 4 of the Dungeon.
You visited 1 branch of the dungeon, and saw 5 of its levels.

You collected 147 gold pieces.


Innate Abilities, Weirdness & Mutations

You have a pair of small antennae on your head.
You are agile. (Dex +4, Str/Int -1)
You are covered in fur. (AC +1)


   Skills:
 - Level 4.0 Fighting
 + Level 4.0 Axes
 - Level 1.7 Dodging
 - Level 2.0 Spellcasting
 - Level 3.0 Conjurations


You had 6 spell levels left.
You knew the following spells:

 Your Spells              Type           Power      Damage    Failure   Level
a - Kiss of Death         Conj/Necr      16%        2d6       19%         1

Your spell library contained the following spells:

 Spells                   Type           Power      Damage    Failure   Level
 Momentum Strike          Conj/Tloc      8%         3d8       28%         2
 Hailstorm                Conj/Ice       4%         3d5       50%         3

Inventory:

Hand Weapons
 a - a +0 hand axe (weapon)
Missiles
 n - 3 poisoned darts (quivered)
Armour
 b - a +0 leather armour (worn)
 e - a +0 pair of boots (worn)
   (You found it on level 1 of the Dungeon)
 f - a +0 cloak (worn)
   (You found it on level 4 of the Dungeon)
Jewellery
 i - a ring of protection from fire (right hand) {rF+, !d}
   (You found it on level 4 of the Dungeon)
 l - a ring of flight (left hand) {+Fly, !d}
   (You found it on level 2 of the Dungeon)
Scrolls
 c - a scroll of teleportation
 d - a scroll of blinking {unknown}
 g - a scroll of vulnerability {unknown}
 j - 2 scrolls of enchant weapon {unknown}
 m - a scroll of revelation {unknown}
 o - a scroll of immolation {unknown}

#.#.. ..##.# ##.#.# #.##.#
#....# #.##.###### #....#
#.........## ##### #o...#
#..........###...# #..o.#
#........#..#..#.. #....#
#####.##.##.#░#...#░#.
#....###...o).......#.....#..
#.....o..###@##.#......##...#
#.>..##### #.)..#.##.#.###.##
.......# ######.#.........#
####.... #...#..#..#.. #..##
#..#░#...#░#. #..
#...#..#..#.. ##.
#.#....#....# #.
#.........### #.........#


You could see an orc priest.


Message History

The orc priest closely misses you. The orc closely misses you.
Unknown command.
Unknown command.
You aren't carrying any potions.
Unknown command.
Okay, then.
You aren't carrying any items that you can evoke.
Unknown command.
You hit the orc priest but do no damage.
You hit the orc.
The orc priest shouts, "Beogh offers mercy even to people such as you.
Join us and be reborn!"
The orc priest hits you but does no damage.
The orc hits you with a +0 dagger.
* * * LOW HITPOINT WARNING * * *
You take 2 damage, and have 4/37 hp.
Unknown command.
Unknown command.
You barely miss the orc priest. You hit the orc.
You kill the orc!
The orc priest barely misses you.
Unknown command.
Unknown command.
Unknown command.
Press: ? - help, v - describe, . - travel
Here: an orc priest, wielding a +0 hand axe and wearing a +0 ring mail (moderately wounded)
The floor, spattered with blood.
Unknown command.
You barely miss the orc priest.
The orc priest hits you with a +0 hand axe!
You die...

Action                     |  1- 3 |  4- 6 || total
---------------------------+-------+-------++-------
  Melee: Hand axe          |   152 |    14 ||   166
  Throw: Dart              |     4 |     4 ||     8
    Use: Potion            |     3 |     1 ||     4
         Scroll            |     2 |       ||     2
 Armour: Leather armour    |    88 |    21 ||   109
  Dodge: Dodged            |    89 |     6 ||    95

Levels and vault maps discovered:
D:1:      dpeg_arrival_radiant, layout_rooms, chequers_serial_rivers_micro_b
D:2:      layout_basic, basic_altar
D:3:      layout_rooms, tso_altar, serial_bayou_pond_c, uniq_jessica,
          uniq_sigmund
D:4:      layout_basic, kennysheep_little_box, gammafunk_ghost_mausoleum,
          serial_glass, glass_columns_b, glass_columns_a, due_unseen_surprise,
          minmay_strange_pillars, minmay_diced_spiral, uniq_pikel
D:5:      layout_basic, marbit_many_paths, uniq_grinder

Notes
Turn   | Place    | Note
-------+----------+-------------------------------------------
     0 | D:1      | araganzar the Demonspawn Reaver began the quest for the
                  | Orb.
     0 | D:1      | Reached XP level 1. HP: 16/16 MP: 3/3
   127 | D:1      | Reached skill level 3 in Axes
   127 | D:1      | Gained mutation: You have a pair of small antennae on your
                  | head. [demonic ancestry]
   127 | D:1      | Reached XP level 2. HP: 19/23 MP: 5/5
   773 | D:2      | Found a shimmering altar of Xom.
   970 | D:2      | Reached XP level 3. HP: 23/28 MP: 6/6
  1155 | D:2      | Reached skill level 3 in Fighting
  1982 | D:3      | Noticed Jessica
  1989 | D:3      | HP: 2/29 [Jessica/+1 vampiric dagger (3)]
  1992 | D:3      | Gained mutation: You are agile. (Dex +4, Str/Int -1)
                  | [potion of mutation]
  1992 | D:3      | Gained mutation: You are covered in fur. (AC +1) [potion of
                  | mutation]
  2006 | D:3      | You are sucked into a shaft and drop 2 floors!
  2006 | D:5      | Entered Level 5 of the Dungeon
  2222 | D:4      | HP: 2/29 [acid (10)]
  2224 | D:4      | Reached XP level 4. HP: 1/35 MP: 7/7
  2394 | D:4      | Reached skill level 4 in Fighting
  2394 | D:4      | Reached skill level 4 in Axes
  2455 | D:4      | Slain by an orc priest

Vanquished Creatures
  A bombardier beetle (D:4)
  A jelly (D:4)
  An adder (D:2)
  A ribbon worm (D:2)
  2 dart slugs
  2 orcs (D:4)
  4 ball pythons
  6 bats (D:1)
  5 endoplasms
  2 giant cockroaches
  3 goblins
  3 hobgoblins
  6 jackals
  2 quokkas (D:2)
  A frilled lizard (D:2)
  5 kobolds
  2 rats
47 creatures vanquished.
